 Dungeon Crawl Stone Soup version 0.17-a0-877-ga10078a (webtiles) character file.

71 hornqvist the Sneak (level 4, 0/30 HPs)
             Began as an Octopode Assassin on Apr 30, 2015.
             Slain by Grinder (5 damage)
             ... on level 3 of the Dungeon.
             The game lasted 00:01:32 (1707 turns).

hornqvist the Sneak (Octopode Assassin)             Turns: 1707, Time: 00:01:32

Health: 0/30       AC:  1    Str: 11    XL:     4   Next: 24%
Magic:  4/4        EV: 18    Int: 13    God:
Gold:   81         SH:  0    Dex: 18    Spells: 0 memorised, 3 levels left

rFire  . . .     SeeInvis .     a - +2 dagger
rCold  . . .     Clarity  .     (no shield)
rNeg   . . .     SustAb   .     (helmet restricted)
rPois  .         Gourm    .     k - amulet of faith
rElec  .         Spirit   .     (no ring)
rCorr  .         Warding  .     (no ring)
rMut   .         Stasis   .     (no ring)
MR     .....                    (no ring)
Stlth  ++++++....               (no ring)
                                (no ring)
                                (no ring)
                                (no ring)

@: agile, flying, not resistant to hostile enchantments, very stealthy
A: almost no armour, amphibious, 8 rings, constrict 8, camouflage 1, gelatinous
body 1
a: no special abilities


You were on level 3 of the Dungeon.
You were not hungry.

You visited 1 branch of the dungeon, and saw 3 of its levels.

You collected 81 gold pieces.

Inventory:

Hand weapons
 a - a +2 dagger (weapon)
 b - a +0 blowgun
Missiles
 c - 8 poisoned needles
 d - 2 curare-tipped needles
Jewellery
 k - an amulet of faith (around mantle)
Scrolls
 g - a scroll of identify {unknown}
 i - 2 scrolls of remove curse {unknown}
 l - a scroll of recharging {unknown}
 o - a scroll of amnesia {unknown}
Potions
 f - a potion of flight
 h - a potion of agility
 j - a potion of beneficial mutation {unknown}
 n - a potion of heal wounds {unknown}
Comestibles
 e - 3 bread rations
 m - a chunk of flesh


   Skills:
 + Level 2.8 Fighting
 - Level 2.0 Throwing
 + Level 2.0 Dodging
 * Level 6.6 Stealth


You had 3 spell levels left.
You didn't know any spells.

Dungeon Overview and Level Annotations

Branches:
Dungeon (3/15)

Altars:

Annotations:
D:3 Grinder


Innate Abilities, Weirdness & Mutations

You cannot wear most types of armour.
You are amphibious.
You can wear up to eight rings at the same time.
You can use your tentacles to constrict eight enemies at once.
Your skin changes colour to match your surroundings (Stealth).
Your rubbery body absorbs attacks (AC +1).


Message History

Grinder zaps a wand.
You resist with some effort.
It is a wand of polymorph.
You see here a metallic grey potion.
Grinder zaps a wand.
You resist with some effort.
Drink which item? (? for menu, Esc to quit)
It was a potion of flight.
You feel very buoyant.
You fly up into the air.
A rat comes into view.
Drink which item? (? for menu, Esc to quit)
It was a potion of agility.
You feel agile all of a sudden. Grinder hits you.
You writhe in agony.
* * * LOW HITPOINT WARNING * * *
You take 7 damage, and have 11/30 hp.
MASSIVE DAMAGE!!
You hit Grinder but do no damage. You grab Grinder. You constrict Grinder.
Grinder misses you.
You hit Grinder. You constrict Grinder. Grinder hits you.
* * * LOW HITPOINT WARNING * * *
You writhe in agony.
You die...

############...........
#..............#
#.##########.#.# #.#
#.#.# ##.# ##.#.## #
...# #.....###.### ####
#..##.#...r...
#....!.>..# ##
#...#@#.### .###
#....5#.# #..# #......
# .### ###.#### .####
#+# #. ....###.#### #.
.#####..##.# #
.#####..##.#
.....#..##.#


You could see Grinder and a rat.

Vanquished Creatures
  3 adders (D:2)
  A gnoll (D:1)
  A worm (D:2)
  5 bats
  4 goblins
  2 hobgoblins
  7 kobolds
  3 giant cockroaches
  2 giant newts
  5 rats
33 creatures vanquished.

Notes
Turn   | Place    | Note
--------------------------------------------------------------
     0 | D:1      | hornqvist, the Octopode Assassin, began the quest for the Orb.
     0 | D:1      | Reached XP level 1. HP: 14/14 MP: 1/1
   147 | D:1      | Reached XP level 2. HP: 16/19 MP: 2/2
   379 | D:1      | Reached skill level 6 in Stealth
   799 | D:2      | Reached XP level 3. HP: 25/25 MP: 3/3
  1135 | D:2      | Reached XP level 4. HP: 30/30 MP: 4/4
  1700 | D:3      | Noticed Grinder
  1707 | D:3      | Slain by Grinder

Action                   |  1- 3 |  4- 6 || total
-------------------------+-------+-------++-------
Melee: Dagger            |    33 |    14 ||    47
  Use: Potion            |       |     2 ||     2
 Stab: Sleeping          |    12 |     6 ||    18
       Distracted        |     1 |       ||     1
  Eat: Chunk             |       |     2 ||     2
